 Dungeon Crawl Stone Soup version 0.24.0-37-gcf1ca852f1 (webtiles) character file.

Game seed: 9890406241509730673, levelgen mode: deterministic

304 Iamsoldier the Magician (level 6, -4/44 HPs)
             Began as a Gnoll Wizard on Nov 29, 2019.
             Slain by an ogre
             ... wielding a +0 giant spiked club
              (23 damage)
             ... on level 4 of the Dungeon.
             The game lasted 00:14:02 (4957 turns).

Iamsoldier the Magician (Gnoll Wizard)              Turns: 4957, Time: 00:14:03

Health: -4/44      AC:  3    Str: 11    XL:     6   Next: 38%
Magic:  18/25      EV: 14    Int: 21    God:
Gold:   136        SH:  0    Dex: 16    Spells: 8/19 levels left

rFire    . . .     SeeInvis .   A - +1 spear (pierce)
rCold    . . .     Gourm    .   (no shield)
rNeg     . . .     Faith    .   o - +0 robe
rPois    .         Spirit   .   b - +0 hat
rElec    .         Reflect  .   (no cloak)
rCorr    .         Harm     .   (no gloves)
MR       .....                  i - +0 pair of boots
Stlth    ++........             (no amulet)
HPRegen  0.14/turn              x - ring of magical power
MPRegen  0.19/turn              y - +3 ring of dexterity

@: very slightly contaminated, heavily drained
A: distributed training, fangs 1, strong nose
a: no special abilities


You were on level 4 of the Dungeon.
You were not hungry.

You visited 1 branch of the dungeon, and saw 4 of its levels.

You collected 136 gold pieces.

Inventory:

Hand Weapons
 a - a +0 morningstar
 s - a +2 dagger of draining
 A - a +1 spear of piercing (weapon)
Missiles
 p - 2 boomerangs
 t - 6 silver javelins (quivered)
 z - 31 poisoned darts
Armour
 b - a +0 hat (worn)
 i - a +0 pair of boots (worn)
 o - a +0 robe (worn)
Jewellery
 x - a ring of magical power (left hand)
 y - a +3 ring of dexterity (right hand)
Scrolls
 c - a scroll of remove curse
 f - 2 scrolls of teleportation {unknown}
 g - a scroll of immolation {unknown}
 h - a scroll of enchant armour {unknown}
 j - 4 scrolls of identify {unknown}
 k - 2 scrolls of amnesia {unknown}
 r - 2 scrolls of fear {unknown}
 u - a scroll of enchant weapon {unknown}
 w - a scroll of random uselessness {unknown}
Potions
 e - 3 potions of curing
 l - 2 potions of mutation {unknown}
 m - a potion of berserk rage {unknown}
 n - a potion of haste {unknown}
 q - 2 potions of ambrosia {unknown}
Comestibles
 d - 5 rations
 v - a chunk of flesh


   Skills:
 + Level 1.9(0.3) Fighting
 + Level 1.9(0.3) Short Blades
 + Level 1.9(0.3) Long Blades
 + Level 1.9(0.3) Axes
 + Level 1.9(0.3) Maces & Flails
 + Level 1.9(0.3) Polearms
 + Level 1.9(0.3) Staves
 + Level 1.9(0.3) Slings
 + Level 1.9(0.3) Bows
 + Level 1.9(0.3) Crossbows
 + Level 1.9(0.3) Throwing
 + Level 1.9(0.3) Armour
 + Level 4.9(3.2) Dodging
 + Level 4.5(2.8) Stealth
 + Level 1.9(0.3) Shields
 + Level 1.9(0.3) Unarmed Combat
 + Level 7.4(5.5) Spellcasting
 + Level 2.6(1.0) Conjurations
 + Level 1.5(0.0) Hexes
 + Level 1.5(0.0) Charms
 + Level 2.6(1.0) Summonings
 + Level 1.5(0.0) Necromancy
 + Level 2.6(1.0) Translocations
 + Level 1.5(0.0) Transmutations
 + Level 1.5(0.0) Fire Magic
 + Level 1.5(0.0) Ice Magic
 + Level 1.5(0.0) Air Magic
 + Level 1.5(0.0) Earth Magic
 + Level 1.5(0.0) Poison Magic
 + Level 2.1(0.5) Invocations
 + Level 1.9(0.3) Evocations


You had 8 spell levels left.
You knew the following spells:

 Your Spells              Type           Power        Failure   Level  Hunger
a - Magic Dart            Conj           ##..         7%          1    None
b - Mephitic Cloud        Conj/Pois/Air  #.......     26%         3    ##.....
c - Call Imp              Summ           ##......     11%         2    None
d - Conjure Flame         Conj/Fire      #.......     26%         3    ##.....
e - Blink                 Tloc           N/A          11%         2    None

Your spell library contained the following spells:

 Spells                   Type           Power        Failure   Level  Hunger
 Slow                     Hex            #.......     16%         2    None


Dungeon Overview and Level Annotations

Branches:
Dungeon (4/15)
 Temple: D:4-7

Altars:
Zin


Innate Abilities, Weirdness & Mutations

Your experience applies equally to all skills.
You have very sharp teeth.
Your uncanny sense of smell can sniff out nearby items.


Message History

Aiming: Conjure Flame (safe; 26% risk of failure)
Press: ? - help, Dir - move target cursor, p - ogre You miscast Conjure Flame.
You are very lightly contaminated with residual magic.
You are momentarily dazzled by a flash of light!
You barely miss the ogre.
The ogre is severely wounded.
The ogre hits you with a +0 giant spiked club!!
Ouch! That really hurt!
Casting: Conjure Flame (safe; 26% risk of failure)
Confirm with . or Enter, or press ? or * to list all spells.
Aiming: Mephitic Cloud (safe; 26% risk of failure)
Press: ? - help, Shift-Dir - straight line, f - ogre
Aim: an ogre, wielding a +0 giant spiked club (severely wounded)
Okay, then.
You hit the ogre. You bite the ogre, but do no damage.
The ogre is almost dead.
The ogre hits you with a +0 giant spiked club!!
Ouch! That really hurt!
You die...

..# #.#
#.#######
#........
.........
#######........
...............
.###O# ..#@# #
#.#.# #. #<#.#
.. #.#.#
###.#.#.#
#.....#.#
#.#.....#
#.....# ###.#.#


You could see an ogre.

Vanquished Creatures
  A big kobold (D:3)
  An orc wizard (D:2)
  An orc priest (D:2)
  6 gnolls
  3 adders
  3 worms
  3 dart slugs
  2 leopard geckos
  7 orcs
  10 bats
  3 giant cockroaches
  3 goblins
  6 hobgoblins
  8 jackals
  3 frilled lizards
  21 kobolds
  5 rats
86 creatures vanquished.

Vanquished Creatures (collateral kills)
  2 kobolds (D:3)
2 creatures vanquished.

Grand Total: 88 creatures vanquished

Notes
Turn   | Place    | Note
-------+----------+-------------------------------------------
     0 | D:1      | Iamsoldier the Gnoll Wizard began the quest for the Orb.
     0 | D:1      | Reached XP level 1. HP: 13/13 MP: 8/8
   214 | D:1      | Reached XP level 2. HP: 19/19 MP: 2/10
   754 | D:1      | Reached XP level 3. HP: 25/25 MP: 6/11
  1302 | D:1      | Learned a level 3 spell: Mephitic Cloud
  1305 | D:1      | Learned a level 2 spell: Call Imp
  1309 | D:1      | Learned a level 3 spell: Conjure Flame
  1312 | D:1      | Learned a level 2 spell: Blink
  1365 | D:1      | Reached skill level 1 in Invocations
  1661 | D:2      | Reached skill level 1 in Fighting
  1661 | D:2      | Reached skill level 1 in Short Blades
  1661 | D:2      | Reached skill level 1 in Long Blades
  1661 | D:2      | Reached skill level 1 in Axes
  1661 | D:2      | Reached skill level 1 in Maces & Flails
  1661 | D:2      | Reached skill level 1 in Polearms
  1661 | D:2      | Reached skill level 1 in Staves
  1661 | D:2      | Reached skill level 1 in Slings
  1661 | D:2      | Reached skill level 1 in Bows
  1661 | D:2      | Reached skill level 1 in Crossbows
  1661 | D:2      | Reached skill level 1 in Throwing
  1661 | D:2      | Reached skill level 1 in Armour
  1661 | D:2      | Reached skill level 1 in Shields
  1661 | D:2      | Reached skill level 1 in Unarmed Combat
  1661 | D:2      | Reached skill level 1 in Evocations
  1665 | D:2      | Reached XP level 4. HP: 24/32 MP: 4/13
  2060 | D:2      | Reached skill level 1 in Hexes
  2060 | D:2      | Reached skill level 1 in Charms
  2060 | D:2      | Reached skill level 1 in Necromancy
  2060 | D:2      | Reached skill level 1 in Transmutations
  2060 | D:2      | Reached skill level 1 in Fire Magic
  2060 | D:2      | Reached skill level 1 in Ice Magic
  2060 | D:2      | Reached skill level 1 in Air Magic
  2060 | D:2      | Reached skill level 1 in Earth Magic
  2060 | D:2      | Reached skill level 1 in Poison Magic
  2647 | D:2      | Found a glowing silver altar of Zin.
  2848 | D:2      | Reached XP level 5. HP: 14/37 MP: 3/14
  3241 | D:3      | Noticed a big kobold
  3581 | D:3      | Killed a big kobold
  3581 | D:3      | Reached XP level 6. HP: 29/44 MP: 3/16
  4957 | D:4      | Slain by an ogre

Levels and vault maps discovered:
D:1:      mainiacjoe_arrival_reflecting_pool, layout_basic, serial_bayou,
          serial_bayou_lagoon_a, serial_bayou_pond_a, serial_bayou_pond_a,
          serial_bayou_shore_a, serial_bayou_shore_b, serial_bayou_shore_b
D:2:      layout_rooms, marbit_many_paths, first_ration
D:3:      cheibrodos_thug_alley, layout_loops_ring, guppyfry_early_lair_pool
D:4:      layout_basic

Skill      XL: |  1  2  3  4  5 |
---------------+----------------+-----
Conjurations   | 2 |  2.6
Summonings     | 2 |  2.6
Translocations | 2 |  2.6
Invocations    | 1 2 |  2.1
Fighting       | 1 |  1.9
Short Blades   | 1 |  1.9
Long Blades    | 1 |  1.9
Axes           | 1 |  1.9
Maces & Flails | 1 |  1.9
Polearms       | 1 |  1.9
Staves         | 1 |  1.9
Slings         | 1 |  1.9
Bows           | 1 |  1.9
Crossbows      | 1 |  1.9
Throwing       | 1 |  1.9
Armour         | 1 |  1.9
Shields        | 1 |  1.9
Unarmed Combat | 1 |  1.9
Evocations     | 1 |  1.9
Hexes          | 1 |  1.5
Charms         | 1 |  1.5
Necromancy     | 1 |  1.5
Transmutations | 1 |  1.5
Fire Magic     | 1 |  1.5
Ice Magic      | 1 |  1.5
Air Magic      | 1 |  1.5
Earth Magic    | 1 |  1.5
Poison Magic   | 1 |  1.5
Dodging        | |  4.9
Stealth        | |  4.5
Spellcasting   | |  7.4

Action                   |  1- 3 |  4- 6 || total
-------------------------+-------+-------++-------
Melee: Dagger            |    12 |    11 ||    23
       Bite              |     1 |     4 ||     5
       Whip              |    22 |    16 ||    38
       Morningstar       |       |    14 ||    14
       Spear             |       |    10 ||    10
Throw: Javelin           |       |     2 ||     2
 Cast: Magic Dart        |    69 |   154 ||   223
       Mephitic Cloud    |     2 |     7 ||     9
       Conjure Flame     |       |    13 ||    13
       Call Imp          |       |     1 ||     1
  Use: Potion            |       |     2 ||     2
       Scroll            |       |     1 ||     1
 Stab: Distracted        |     1 |       ||     1
  Eat: Ration            |     1 |     1 ||     2
       Chunk             |       |     6 ||     6
Armor: Robe              |    17 |    14 ||    31
Dodge: Dodged            |    66 |    78 ||   144
